 Dungeon Crawl Stone Soup version 0.26-a0-665-gefeb406119 (webtiles) character file.

Game seed: 4271259842910700886

39 jasper the Insei (level 3, -4/26 HPs)
             Began as a Demonspawn Transmuter on Oct 13, 2020.
             Slain by Natasha (8 damage)
             ... on level 2 of the Dungeon.
             The game lasted 00:01:37 (1317 turns).

jasper the Insei (Demonspawn Transmuter)            Turns: 1317, Time: 00:01:38

Health: -4/26      AC:  2    Str: 11    XL:     3   Next: 26%
Magic:  4/6        EV: 14    Int: 14    God:
Gold:   95         SH:  0    Dex: 13    Spells: 5/6 levels left

rFire    . . .     SeeInvis .     - Unarmed
rCold    . . .     Faith    .   (no shield)
rNeg     . . .     Spirit   .   a - +0 robe
rPois    .         Reflect  .   (helmet currently unavailable)
rElec    .         Harm     .   (no cloak)
rCorr    .         Rampage  .   (no gloves)
MR       .....                  (boots currently unavailable)
Stlth    +.........             (no amulet)
HPRegen  0.08/turn              (no ring)
MPRegen  0.10/turn              (no ring)

@: brilliant, appendages, very slightly contaminated
A: horns 2, talons 2, repulsion field 1, powered by pain 1
a: End Transformation


You were on level 2 of the Dungeon.
You had grown temporary horns.
You had grown temporary talons.
You visited 1 branch of the dungeon, and saw 2 of its levels.

You collected 95 gold pieces.

Inventory:

Missiles
 e - 7 curare-tipped darts (quivered)
 f - 85 stones
Armour
 a - a +0 robe (worn)
 i - a +0 ring mail
Scrolls
 b - a scroll of amnesia {unknown}
 c - a scroll of remove curse {unknown}
 g - a scroll of blinking {unknown}
 h - a scroll of enchant weapon {unknown}
 j - a scroll of enchant armour {unknown}


   Skills:
 - Level 1.0 Fighting
 - Level 1.7 Dodging
 + Level 4.0 Unarmed Combat
 - Level 2.0 Spellcasting
 - Level 1.7 Transmutations


You had 5 spell levels left.
You knew the following spells:

 Your Spells              Type           Power        Failure   Level
a - Beastly Appendage     Tmut           #.....       12%         1

Your spell library contained the following spells:

 Spells                   Type           Power        Failure   Level
 Wereblood                Tmut           #.......     17%         2
 Spider Form              Tmut/Pois      #.........   45%         3
 Ice Form                 Ice/Tmut       #.......     86%         4
 Blade Hands              Tmut           #.........   97%         5


Dungeon Overview and Level Annotations

Branches:
Dungeon (2/15)

Altars:

Annotations:
D:2 Natasha


Innate Abilities, Weirdness & Mutations

You are surrounded by a mild repulsion field. (EV +2)
You sometimes gain a little power by taking damage.
You have a pair of horns on your head.
You have razor-sharp toenails.


Message History

Nothing appears to happen.
The white imp gestures at you. The puff of frost hits you.
You take 6 damage, and have 13/26 hp.
MASSIVE DAMAGE!!
You now have 5/6 mp.
Something unseen opens the door.
Casting: Beastly Appendage (safe; 12% risk of failure)
Confirm with . or Enter, or press ? or * to list all spells.
You grow a pair of large bovine horns.
Your feet morph into talons.
Natasha claws you.
* * * LOW HITPOINT WARNING * * *
You take 6 damage, and have 7/26 hp.
MASSIVE DAMAGE!!
You now have 4/6 mp.
Unknown command.
You barely miss Natasha. You claw Natasha, but do no damage. Natasha claws you.
* * * LOW HITPOINT WARNING * * *
You take 3 damage, and have 4/26 hp.
Unknown command.
It was a potion of brilliance.
You feel clever all of a sudden. Natasha claws you!
You die...

#..........# .
+.........## ..
#.##.........# ### ...
......####.......######...
#.###.####.#####.#[.......
...[....##.# ##.#.......#
#.###.#.##.# #..'.......#
.###.#.##.####.5#.......#
................@#....[...
#####...##.......h........
#...######..#######...
#.... #..# . #.... #..#
..... #..# #...... ....
#.... ##..#. #....


You could see Natasha and a white imp (summoned).

Vanquished Creatures
  An adder (D:2)
  2 dart slugs
  A bat (D:1)
  3 giant cockroaches
  2 goblins
  3 hobgoblins (D:1)
  2 jackals (D:1)
  3 frilled lizards (D:1)
  4 kobolds (D:2)
  4 rats
25 creatures vanquished.

Notes
Turn   | Place    | Note
-------+----------+-------------------------------------------
     0 | D:1      | jasper the Demonspawn Transmuter began the quest for the
                  | Orb.
     0 | D:1      | Reached XP level 1. HP: 15/15 MP: 3/3
    39 | D:1      | Reached skill level 3 in Unarmed Combat
   326 | D:1      | Gained mutation: You sometimes gain a little power by
                  | taking damage. [demonic ancestry]
   326 | D:1      | Reached XP level 2. HP: 21/21 MP: 3/5
  1061 | D:2      | Gained mutation: You are surrounded by a mild repulsion
                  | field. (EV +2) [demonic ancestry]
  1061 | D:2      | Reached XP level 3. HP: 26/26 MP: 4/6
  1196 | D:2      | Reached skill level 4 in Unarmed Combat
  1310 | D:2      | Noticed Natasha
  1317 | D:2      | Slain by Natasha

Illustrated notes

Levels and vault maps discovered:
D:1:      sevenhm_arrival_forest_fort_small_4, layout_basic
D:2:      layout_basic, tso_oasis_becter,
          chequers_ecumenical_altar_simple_redux, uniq_natasha, uniq_jessica,
          uniq_terence

Skill      XL: |  1  2  3 |
---------------+----------+-----
Unarmed Combat | 3 4 |  4.0
Fighting       | |  1.0
Dodging        | |  1.7
Spellcasting   | |  2.0
Transmutations | |  1.7

Action                   || total
-------------------------++-------
Melee: Unarmed           ||    86
       Kick              ||     9
       Headbutt          ||     6
 Cast: Beastly Appendage ||    10
  Use: Potion            ||     1
 Stab: Sleeping          ||     1
Armor: Robe              ||    12
Dodge: Dodged            ||    48

Table legend: (Time is in decaauts)
 A = Elapsed time spent in this place.
 B = Non-inter-level travel time spent in this place.
 C = Inter-level travel time spent in this place.
 D = Time resting spent in this place.
 E = Time spent auto-exploring this place.
 F = Levels seen in this place.
 G = Mean time per level.
                   A        B        C        D        E       F      G
               +--------+--------+--------+--------+--------+-----+--------+
         Total |   1310 |   1249 |     61 |    288 |    758 |   2 |  655.0 |
       Dungeon |   1310 |   1249 |     61 |    288 |    758 |   2 |  655.0 |
               +--------+--------+--------+--------+--------+-----+--------+

Top non-repeatable levels by time:
     D:1: 818 daAuts
     D:2: 492 daAuts
